 Dungeon Crawl Stone Soup version 0.28-a0-476-g0f06bd746f (webtiles) character file.

Game seed: 16816180725578575569

14778 robertstho the Thaumaturge (level 12, -1/84 HPs)
             Began as a Djinni Fire Elementalist on Sept 16, 2021.
             Was an Initiate of Gozag.
             Killed from afar by an acid dragon (13 damage)
             ... with a splash of acid
             ... on level 10 of the Dungeon.
             The game lasted 00:28:44 (12781 turns).

robertstho the Thaumaturge (DjFE)                  Turns: 12781, Time: 00:28:45

Health: -1/84      AC:  8    Str:  7    XL:     12   Next: 49%
Gold:   1038       EV: 13    Int: 27    God:    Gozag SH:  5 Dex: 14

rFire   + + +      SeeInvis .   A - +3 scimitar (flame)
rCold   x x .      Faith    .   (no shield)
rNeg    + . .      Spirit   .   J - +1 leather armour {rF+}
rPois   ∞          Reflect  +   q - +3 hat of Pondering {ponderous, Will+ MP+10 Int+5}
rElec   .          Harm     .   g - +0 cloak
rCorr   .          Rampage  .   (no gloves)
Will    ++...                   (boots unavailable)
Stlth   ++........              y - amulet of reflection
HPRegen 0.24/turn               o - ring of fire
MPRegen 0.00/turn               u - ring of positive energy

@: gold aura, flying, slow
A: sickness immunity, fire resistance 2, cold vulnerability 1, float, innate
caster, hp casting, extra vitality 1
a: Renounce Religion, Potion Petition, Call Merchant, Bribe Branch


You were on level 10 of the Dungeon.
You worshipped Gozag.
Gozag was most pleased with you.
You visited 2 branches of the dungeon, and saw 11 of its levels.
You also visited: Sewer, Ossuary and Bailey.

You collected 1952 gold pieces.
You spent 430 gold pieces at shops.
You paid 484 gold pieces to Gozag.

Inventory:

Hand Weapons
 h - a +0 short sword of draining
 x - a +2 hand axe of flaming
 A - a +3 scimitar of flaming (weapon)
 D - the +8 flail of Dismay {flame, Contam rPois Str+3}
   (You took it off a centaur on level 8 of the Dungeon)

   It burns those it strikes, dealing additional fire damage.
   Str:       It affects your strength (+3).
   rPois:     It protects you from poison.
   Contam:    It causes magical contamination when unequipped.
Armour
 a - a +0 robe
 g - a +0 cloak (worn)
 q - the +3 hat of Pondering (worn) {ponderous, Will+ MP+10 Int+5}
   (You took it off Gastronok on level 8 of the Dungeon)

   Int:       It affects your intelligence (+5).
   MP:        It affects your magic capacity (+10).
   Will:      It increases your willpower.
 J - a +1 leather armour of fire resistance (worn)
Jewellery
 k - an amulet of regeneration
 o - a ring of fire (left hand)
 u - a ring of positive energy (right hand)
 y - an amulet of reflection (around neck)
Wands
 b - a wand of digging (5)
 j - a wand of flame (35)
 s - a wand of iceblast (16)
 z - a wand of mindburst (14)
 E - a wand of polymorph (12)
 I - a wand of charming (8)
Scrolls
 e - 5 scrolls of teleportation
 m - 4 scrolls of enchant weapon
 n - 6 scrolls of enchant armour
 t - a scroll of fear
 v - 2 scrolls of vulnerability
 C - 3 scrolls of holy word
Potions
 c - 2 potions of lignification
 d - a potion of ambrosia {unknown}
 f - a potion of invisibility {unknown}
 i - 2 potions of might
 l - a potion of brilliance
 p - a potion of haste
 r - 3 potions of attraction {unknown}
 w - 2 potions of heal wounds
 B - a potion of flight {unknown}
 F - 3 potions of resistance
 G - 4 potions of curing
 H - a potion of berserk rage
 K - a potion of cancellation {unknown}


   Skills:
 * Level 6.7 Fighting
 + Level 2.6(3.1) Short Blades
 + Level 2.3(3.0) Long Blades
 + Level 2.1 Maces & Flails
 + Level 4.2 Armour
 + Level 5.6 Dodging
 + Level 4.2 Stealth
 + Level 2.6 Shields
 * Level 12.2 Spellcasting
 + Level 2.6 Evocations


You had 9 spell levels left.
You knew the following spells:

 Your Spells              Type           Power      Damage    Failure   Level
a - Foxfire               Conj/Fire      100%       2x1d9     1%          1
b - Scorch                Fire           100%       2d10      1%          2
c - Conjure Flame         Conj/Fire      90%        6-21      1%          3
d - Inner Flame           Hex/Fire       90%        N/A       1%          3
e - Flame Wave            Conj/Fire      90%        3d15      1%          4
f - Summon Small Mammal   Summ           100%       N/A       1%          1
g - Poisonous Vapours     Pois/Air       100%       N/A       1%          2
h - Teleport Other        Tloc           70%        N/A       1%          3
i - Vampiric Draining     Necr           35%        2d11      1%          3
j - Hailstorm             Conj/Ice       70%        3d15      1%          4
Your spell library was empty.

Dungeon Overview and Level Annotations

Branches:
Dungeon (10/15)            Temple (1/1) D:5            Lair (0/6) D:9
    Orc (0/2) D:9           Sewer (visited)         Ossuary (visited)
 Bailey (visited)

Altars:
Ashenzari
Cheibriados
Dithmenos
Elyvilon
Fedhas
Gozag
Hepliaklqana
Kikubaaqudgha
Nemelex Xobeh
Okawaru
Qazlal
Ru
Sif Muna
Trog
Vehumet
Wu Jian
Xom
Yredelemnul
Zin
The Shining One

Shops:
D:1 *!   D:7 !


Innate Abilities, Weirdness & Mutations

You are immune to sickness and miasma.
You are immune to poison.
Your flesh is very heat resistant. (rF++)
You are vulnerable to cold. (rC-)
You float through the air rather than walking.
You learn spells naturally, not from books.
Your magical power is your life essence.
You have superior vitality. (+4 HP)


Message History

The flame wave engulfs the troll!!
The troll is heavily wounded. (Press . to intensify the flame waves.)
The centaur shouts!
The troll bites you but does no damage. The troll claws you.
The troll claws you!
The shadow slips into darkness.
The shadow flickers and vanishes!
Deactivating autopickup; reactivate with Ctrl-A.
The two-headed ogre is distracted by your dazzling golden aura.
A wave of flame ripples out!
The flame wave engulfs the troll!!
You kill the troll!
The centaur is no longer distracted by gold.
The centaur wields a +0 shortbow.
The centaur shoots an arrow.
The arrow hits you but does no damage.
A wraith comes into view.
A wave of flame ripples out!
The flame wave engulfs something!!
You finish channelling waves of flame.
You hear a roar!
The centaur shoots an arrow.
An acid dragon comes into view.
The shadow strikes at you from the darkness!
* * * LOW HITPOINT WARNING * * *
Reactivating autopickup.
Casting: Flame Wave (safe; 1% risk of failure)
Confirm with . or Enter, or press ? or * to list all spells.
Casting: Flame Wave (safe; 1% risk of failure)
Press: ? - help, Dir - look around, f - activate You feel a surge of power!
A wave of flame ripples out!
The flame wave engulfs the shadow!!
You destroy the shadow! (Press . to intensify the flame waves.)
* * * LOW HITPOINT WARNING * * *
The two-headed ogre is no longer distracted by gold.
The centaur zombie is distracted by your dazzling golden aura.
The centaur zombie is no longer distracted by gold.
The acid dragon spits acid at you. The splash of acid hits you!
You die...
Your body crumbles into a pile of gold. .# $ #.# ⌠? #.# .# .# #.# .. #.# .# #.Z .O+ .. #.# .# ZT#

..# # .# #.$ #D# # .#
#.c##.# # .# #$$.# $$ # .#
#.W.# # .# ###@# # .# ####
#.##### # .#+#####..#
#.....# .#.#..##..## #####.#
.#.#..#.##.##### ##'###
.#.....####....####....##
.#......##......##......#
....#.......#.......#.......
...####....####....####....#


You could see a two-headed ogre (very poisoned), a troll, a wraith, an acid
dragon (catching breath), a centaur, a centaur zombie and a centaur warrior
zombie.

Vanquished Creatures
  Gastronok (D:8)
  Erica (D:8)
  3 two-headed ogres
  2 deep elf zephyrmancers (D:9)
  5 centaur zombies
  A kobold demonologist (D:10)
  A troll (D:10)
  Prince Ribbit (D:8)
  2 shadows (D:10)
  3 yaks
  4 wyverns
  A steam dragon (D:10)
  3 water moccasins
  A swamp drake (D:9)
  6 orc warriors
  An ogre (D:6)
  A black bear (D:9)
  2 sky beasts
  5 centaurs
  A phantom (D:5)
  3 kobold brigands
  8 bullfrogs
  An elf zombie (Ossuary)
  A gnoll sergeant (D:8)
  4 killer bees (D:9)
  4 wights (D:10)
  A howler monkey (D:4)
  A crimson imp (D:9)
  A bullfrog zombie (D:7)
  An iron imp (D:9)
  A bullfrog skeleton (D:6)
  A hound (D:5)
  3 human zombies (Ossuary)
  6 orc priests
  An iguana (D:6)
  Terence (D:3)
  12 orc wizards
  2 mummies (Ossuary)
  13 gnolls
  15 adders
  A shadow imp (D:9)
  3 white imps
  An ufetubus (D:5)
  An adder skeleton (D:4)
  4 adder zombies (Ossuary)
  3 dart slugs
  37 orcs
  5 endoplasms
  11 giant cockroaches
  6 goblins
  9 hobgoblins
  7 jackals
  15 kobolds
  5 quokkas
  8 ball pythons
  3 bats
  5 frilled lizards
  A goblin zombie (Ossuary)
  5 hobgoblin zombies (Ossuary)
  A jackal zombie (Ossuary)
  13 kobold zombies (Ossuary)
  6 orc zombies (Ossuary)
  8 rats
  A rat zombie (Ossuary)
284 creatures vanquished.

Vanquished Creatures (collateral kills)
  A wyvern (D:8)
  3 yaks (D:8)
  A gnoll shaman (D:8)
  An orc wizard (D:8)
  A killer bee zombie (D:8)
  17 foxfires (D:9)
24 creatures vanquished.

Vanquished Creatures (others)
  An orc (D:9)
  828 foxfires
  25 fungi (D:9)
  19 plants (D:9)
873 creatures vanquished.

Grand Total: 1181 creatures vanquished

Notes
Turn   | Place    | Note
-------+----------+-------------------------------------------
     0 | D:1      | robertstho the Djinni Fire Elementalist began the quest for
                  | the Orb.
     0 | D:1      | Reached XP level 1. HP: 15/15 MP: 0/0
   163 | D:1      | Reached XP level 2. HP: 1/21 MP: 0/0
   554 | D:1      | Reached skill level 3 in Spellcasting
   626 | D:1      | Found Larphiko's Assorted Antiques.
   835 | D:1      | Reached XP level 3. HP: 24/25 MP: 0/0
   835 | D:1      | Learned a level 1 spell: Summon Small Mammal
  1228 | D:1      | Found a faded altar of an unknown god.
  1265 | D:1      | Found Tivuf's Distillery.
  1937 | D:2      | Reached XP level 4. HP: 25/31 MP: 0/0
  2653 | D:3      | Noticed Terence
  2660 | D:3      | Killed Terence
  2661 | D:3      | Reached skill level 4 in Spellcasting
  2661 | D:3      | Reached XP level 5. HP: 15/36 MP: 0/0
  2661 | D:3      | Learned a level 2 spell: Poisonous Vapours
  2930 | D:3      | Reached skill level 1 in Fighting
  2939 | D:3      | Found a glowing drain.
  2974 | D:3      | Reached XP level 6. HP: 15/42 MP: 0/0
  2987 | Sewer    | Entered a sewer
  3543 | Sewer    | Reached skill level 5 in Spellcasting
  3708 | D:3      | Found a shimmering altar of Xom.
  3712 | D:3      | Found a broken altar of Ashenzari.
  4242 | D:4      | Found a sacrificial altar of Ru.
  4447 | D:4      | Noticed a sky beast
  4455 | D:4      | Killed a sky beast
  4456 | D:4      | Reached XP level 7. HP: 39/48 MP: 0/0
  4456 | D:4      | Learned a level 3 spell: Teleport Other
  5186 | D:5      | Entered Level 5 of the Dungeon
  5543 | D:5      | Reached skill level 6 in Spellcasting
  5669 | D:5      | Reached XP level 8. HP: 49/55 MP: 0/0
  5889 | D:5      | Found a staircase to the Ecumenical Temple.
  5899 | Temple   | Entered the Ecumenical Temple
  5981 | Temple   | Became a worshipper of Gozag Ym Sagoz the Greedy
  6737 | D:6      | Reached skill level 7 in Spellcasting
  7696 | D:7      | Noticed a wyvern
  7700 | D:7      | Killed a wyvern
  7701 | D:7      | Reached XP level 9. HP: 44/59 MP: 0/0
  7701 | D:7      | Learned a level 3 spell: Vampiric Draining
  7855 | D:7      | Reached skill level 8 in Spellcasting
  8361 | D:7      | You are sucked into a shaft and drop 1 floor!
  8456 | D:8      | Reached skill level 9 in Spellcasting
  8457 | D:8      | Noticed a two-headed ogre
  8656 | D:8      | Identified the +8 flail of Dismay {flame, Contam rPois
                  | Str+3}
  8679 | D:8      | Noticed Erica
  8695 | D:8      | Reached skill level 5 in Fighting
  8695 | D:8      | Reached skill level 5 in Dodging
  8695 | D:8      | Reached XP level 10. HP: 20/70 MP: 0/0
  8703 | D:8      | Found a sand-covered staircase.
  8713 | Ossuary  | Entered an ossuary
  9697 | D:8      | Reached XP level 11. HP: 14/76 MP: 0/0
  9697 | D:8      | Learned a level 4 spell: Hailstorm
  9698 | D:8      | Reached skill level 10 in Spellcasting
  9795 | D:8      | Identified the +4 chain mail of Forking Paths {rF+ Int+4}
  9797 | D:8      | Noticed a two-headed ogre
  9809 | D:8      | Killed a two-headed ogre
 10172 | D:8      | Killed a two-headed ogre
 10342 | D:8      | Noticed Gastronok
 10449 | D:7      | Bought a potion of heal wounds for 50 gold pieces
 10449 | D:7      | Bought a potion of degeneration for 10 gold pieces
 10449 | D:7      | Bought a potion of resistance for 100 gold pieces
 10449 | D:7      | Bought a potion of curing for 30 gold pieces
 10449 | D:7      | Bought a potion of berserk rage for 50 gold pieces
 10449 | D:7      | Bought a potion of resistance for 100 gold pieces
 10449 | D:7      | Bought a potion of heal wounds for 50 gold pieces
 10449 | D:7      | Bought a potion of might for 40 gold pieces
 10703 | D:8      | Noticed Prince Ribbit
 10710 | D:8      | Killed Prince Ribbit
 10730 | D:8      | Killed Gastronok
 10731 | D:8      | Reached skill level 11 in Spellcasting
 10798 | D:8      | Killed Erica
 11066 | D:9      | Reached XP level 12. HP: 51/83 MP: 0/0
 11302 | D:9      | Found a staircase to the Lair.
 11721 | D:9      | Found a staircase to the Orcish Mines.
 11864 | D:9      | Reached skill level 12 in Spellcasting
 11898 | D:9      | Identified the -5 hat of the Sun {*Corrode rF+ Dex+2
                  | Slay+6}
 12010 | D:10     | Entered Level 10 of the Dungeon
 12167 | D:10     | Noticed a two-headed ogre
 12174 | D:10     | Killed a two-headed ogre
 12178 | D:10     | Found a flagged portal.
 12195 | Bailey   | Entered a bailey
 12767 | D:10     | Noticed a soul eater
 12775 | D:10     | Noticed a two-headed ogre
 12781 | D:10     | Killed from afar by an acid dragon

Illustrated notes

Levels and vault maps discovered:
D:1:      minmay_arrival_semitransparent, layout_loops_ring, serial_shops,
          nicolae_shop_stone, nicolae_shop_waterfront,
          shapermc_ecumenical_altar_petra
D:2:      layout_rooms
D:3:      layout_loops_ring, chequers_temple_overflow_statue_of_worship,
          gup_sewer_entry_glass, minmay_misc_feat_encased, uniq_terence
D:4:      layout_gridville, lemuel_crystal_altar,
          nicolae_ru_sacrificial_ziggurat
D:5:      layout_basic, minmay_temple_entry_purple_smoke,
          eino_small_chamber_without_monster, guppyfry_early_orc_mine
D:6:      layout_basic, hangedman_abyss_or_decor_stabs
D:7:      layout_rooms
D:8:      hangedman_cross_stitches, layout_basic,
          nicolae_ossuary_entry_monument, uniq_prince_ribbit1, uniq_gastronok,
          uniq_erica
D:9:      layout_long_grid, due_lair_maze_entry_diamond, david_orc_4,
          hangedman_minor_magic
D:10:     wad_guarded_room, layout_basic, trove_entry_hex_spiral, enter_bailey_2
Temple:   regret_index_temple_mists

Skill      XL: |  1  2  3  4  5  6  7  8  9 10 11 12 |
---------------+-------------------------------------+-----
Spellcasting   | 3 4 5 6 7 9 11 12 | 12.2
Fighting       | 1 2 5 6 |  6.7
Stealth        | 2 4 |  4.2
Short Blades   | 2 |  2.6
Long Blades    | 2 |  2.3
Maces & Flails | 2 |  2.1
Armour         | 3 4 |  4.2
Dodging        | 5 |  5.6
Shields        | 2 |  2.6
Evocations     | 2 |  2.6

Action                   |  1- 3 |  4- 6 |  7- 9 | 10-12 || total
-------------------------+-------+-------+-------+-------++-------
Melee: Unarmed           |     2 |       |       |       ||     2
 Cast: Foxfire           |    82 |   100 |    80 |   224 ||   486
       Scorch            |       |    27 |    90 |    55 ||   172
       Flame Wave        |       |       |     2 |    27 ||    29
       Poisonous Vapours |       |       |       |    31 ||    31
       Vampiric Draining |       |       |       |     3 ||     3
       Hailstorm         |       |       |       |     4 ||     4
Invok: Call Merchant     |       |       |       |     1 ||     1
  Use: Potion            |       |     1 |     3 |     2 ||     6
       Scroll            |       |     3 |    12 |     7 ||    22
Armor: Robe              |     2 |     7 |    10 |    11 ||    30
       Leather armour    |       |       |       |     2 ||     2
Dodge: Dodged            |    14 |    11 |    28 |    34 ||    87

Table legend: (Time is in decaauts)
 A = Elapsed time spent in this place.
 B = Non-inter-level travel time spent in this place.
 C = Inter-level travel time spent in this place.
 D = Time resting spent in this place.
 E = Time spent auto-exploring this place.
 F = Levels seen in this place.
 G = Mean time per level.
                   A        B        C        D        E       F      G
               +--------+--------+--------+--------+--------+-----+--------+
         Total |  12876 |  12576 |    300 |   1465 |   9349 |  14 |  919.7 |
       Dungeon |  11197 |  10912 |    285 |   1000 |   8405 |  10 | 1119.7 |
        Temple |     97 |     82 |     15 |      0 |     61 |   1 |   97.0 |
         Sewer |    618 |    618 |      0 |    217 |    329 |   1 |  618.0 |
       Ossuary |    943 |    943 |      0 |    248 |    554 |   1 |  943.0 |
        Bailey |     18 |     18 |      0 |      0 |      0 |   1 |   18.0 |
               +--------+--------+--------+--------+--------+-----+--------+

Top non-repeatable levels by time:
     D:1: 1884 daAuts
     D:8: 1547 daAuts
     D:4: 1182 daAuts
     D:6: 1105 daAuts
     D:9: 1104 daAuts
     D:5: 969 daAuts
     D:7: 947 daAuts
 Ossuary: 943 daAuts
     D:2: 907 daAuts
    D:10: 779 daAuts
     D:3: 771 daAuts
   Sewer: 618 daAuts
  Temple: 97 daAuts
  Bailey: 18 daAuts
